 Dungeon Crawl Stone Soup version 0.27-a0-1302-g7736ffe575 (webtiles) character file.

Game seed: 930259214976030568

198 Feb132020 the Digger (level 5, -3/29 HPs)
             Began as a Gargoyle Earth Elementalist on June 18, 2021.
             Slain by a kobold (5 damage)
             ... in a sewer.
             The game lasted 00:17:32 (5297 turns).

Feb132020 the Digger (Gargoyle Earth Elementalist)  Turns: 5297, Time: 00:17:33

Health: -3/29      AC:  7    Str: 12    XL:     5   Next: 76%
Magic:  6/8        EV: 12    Int: 16    God:
Gold:   130        SH:  0    Dex: 10    Spells: 3/9 levels left

rFire    . . .     SeeInvis .   a - +1 club (freeze)
rCold    . . .     Faith    .   (no shield)
rNeg     + . .     Spirit   .   b - +0 robe
rPois    ∞         Reflect  .   (no helmet)
rElec    +         Harm     .   (no cloak)
rCorr    .         Rampage  .   m - +0 pair of gloves
Will     .....                  (no boots)
Stlth    ++........             (no amulet)
HPRegen  0.09/turn              i - ring of flight
MPRegen  0.11/turn              (no ring)

@: flying
A: sickness immunity, AC +4, negative energy resistance 1, electricity
resistance, torment resistance 1, petrification resistance
a: no special abilities


You were in a sewer.
You visited 1 branch of the dungeon, and saw 4 of its levels.
You also visited: Sewer.

You collected 130 gold pieces.

Inventory:

Hand Weapons
 a - a +1 club of freezing (weapon)
Missiles
 c - 44 stones
Armour
 b - a +0 robe (worn)
 m - a +0 pair of gloves (worn)
Magical Staves
 e - a staff of fire
Jewellery
 i - a ring of flight (left hand)
Scrolls
 f - 2 scrolls of identify
 h - a scroll of teleportation
Potions
 d - a potion of degeneration {unknown}
 g - 2 potions of flight
 l - a potion of might


   Skills:
 + Level 1.1 Fighting
 + Level 1.6 Maces & Flails
 + Level 2.5 Dodging
 + Level 2.9 Stealth
 + Level 2.6 Spellcasting
 * Level 1.7 Conjurations
 + Level 0.7 Transmutations
 + Level 4.9 Earth Magic


You had 3 spell levels left.
You knew the following spells:

 Your Spells              Type           Power      Damage    Failure   Level
a - Sandblast             Erth           36%        2d10      2%          1
b - Stone Arrow           Conj/Erth      24%        3d8       14%         3
p - Passwall              Tmut/Erth      9%         N/A       9%          2

Your spell library contained the following spells:

 Spells                   Type           Power      Damage    Failure   Level
 Animate Skeleton         Necr           4%         N/A       21%         1
 Apportation              Tloc           4%         N/A       21%         1
 Corona                   Hex            2%         N/A       21%         1
 Summon Small Mammal      Summ           8%         N/A       21%         1
 Ensorcelled Hibernation  Hex/Ice        4%         N/A       30%         2
 Dazzling Flash           Conj/Hex       8%         N/A       38%         3
 Confusing Touch          Hex            2%         N/A       52%         3
 Tukima's Dance           Hex            2%         N/A       52%         3
 Petrify                  Tmut/Erth      11%        N/A       52%         4
 Lee's Rapid Deconstruct  Erth           9%         3d8*      56%         5


Dungeon Overview and Level Annotations

Branches:
Dungeon (4/15)             Temple (0/1) D:4           Sewer (1/1)

Altars:

Shops:
D:2 (   D:3 =


Innate Abilities, Weirdness & Mutations

You are immune to sickness and miasma.
Your stone body is resilient. (AC +4)
You are immune to poison.
You resist negative energy. (rN+)
You are resistant to electric shocks. (rElec)
You are resistant to unholy torment.
You are immune to petrification.


Message History

The kobold shouts!
You hear an angry hiss.
The rat barely misses you.
The kobold shouts!
The kobold hits you with a +0 short sword.
* * * LOW HITPOINT WARNING * * *
The kobold throws a poisoned dart.
The poisoned dart misses you.
Unknown command.
Unknown command.
Unknown command.
Casting: Sandblast (safe; 2% risk of failure)
Confirm with . or Enter, or press ? or * to list all spells.
Aiming: Sandblast (safe; 2% risk of failure)
Press: ? - help, Shift-Dir - straight line, f - river rat
Aim: a river rat (77% to hit)
The blast of sand hits the river rat!
The river rat is almost dead.
Unknown command.
Unknown command.
Unknown command.
Casting: Sandblast (safe; 2% risk of failure)
Confirm with . or Enter, or press ? or * to list all spells.
Aiming: Sandblast (safe; 2% risk of failure)
Press: ? - help, Shift-Dir - straight line, f/p - river rat
Aim: a river rat (severely wounded, 77% to hit)
The blast of sand misses the river rat.
The river rat bites you.
* * * LOW HITPOINT WARNING * * *
Unknown command.
Unknown command.
Unknown command.
Casting: Sandblast (safe; 2% risk of failure)
Confirm with . or Enter, or press ? or * to list all spells.
Aiming: Sandblast (safe; 2% risk of failure)
Press: ? - help, Shift-Dir - straight line, f/p - river rat
Aim: a river rat (severely wounded, 77% to hit)
The blast of sand misses the river rat.
The blast of sand hits the river rat.
The river rat is heavily wounded.
The river rat misses you.
The river rat bites you but does no damage.
The kobold hits you with a +0 whip.
You die...

.......###............#....!#≈≈#
......###.............#..#!?#≈≈#
.......##.....##...≈≈≈#######≈≈#
.............####≈.≈r≈≈≈≈≈≈≈≈≈≈#
.......≈.≈≈≈##≈≈≈≈≈≈≈≈≈≈≈≈≈≈≈≈≈#
...≈...≈≈≈≈≈≈≈≈≈≈≈≈≈≈≈≈≈≈≈≈≈≈≈≈#
≈≈≈≈≈≈≈≈≈≈≈≈≈≈≈≈≈≈≈≈≈≈≈≈≈≈≈≈≈≈≈#
≈≈≈≈≈≈≈≈≈≈≈≈≈≈≈≈≈rr≈≈≈≈≈≈≈≈≈≈≈≈#
≈≈..≈≈r≈≈≈≈≈≈≈≈≈@≈r≈≈≈r≈≈≈≈≈≈≈≈#
.....≈≈r≈≈≈≈≈≈≈≈K≈≈≈≈≈#######≈≈#
.....≈≈.≈.≈.≈K≈.≈≈≈≈≈≈# ≈≈#
...............≈≈.≈≈≈.# ≈≈#
......................'. ≈#
.........##...........#..
#.......#####........##..#
##..##...######...#### ##
#..#####..∩# #####


You could see 5 river rats and 2 kobolds.

Vanquished Creatures
  6 river rats (Sewer)
  6 adders
  3 worms
  A dart slug (D:1)
  An orc (D:3)
  6 bats
  7 endoplasms
  2 giant cockroaches
  5 goblins
  4 hobgoblins
  2 jackals (D:1)
  7 quokkas
  4 ball pythons
  5 frilled lizards
  8 kobolds
  20 rats
87 creatures vanquished.

Notes
Turn   | Place    | Note
-------+----------+-------------------------------------------
     0 | D:1      | Feb132020 the Gargoyle Earth Elementalist began the quest
                  | for the Orb.
     0 | D:1      | Reached XP level 1. HP: 10/10 MP: 3/3
   206 | D:1      | Reached skill level 4 in Earth Magic
   206 | D:1      | Reached XP level 2. HP: 15/15 MP: 5/5
   209 | D:1      | Learned a level 2 spell: Passwall
  1434 | D:2      | Found Kuvostroa's Weapon Boutique.
  1482 | D:2      | Reached XP level 3. HP: 6/19 MP: 3/6
  1700 | D:2      | You are sucked into a shaft and drop 1 floor!
  2055 | D:2      | Learned a level 3 spell: Stone Arrow
  2860 | D:2      | Reached skill level 1 in Maces & Flails
  2860 | D:2      | Reached XP level 4. HP: 24/24 MP: 5/7
  2999 | D:2      | Found a faded altar of an unknown god.
  3954 | D:3      | Found Necsyum's Jewellery Boutique.
  4040 | D:4      | Found a glowing drain.
  4181 | Sewer    | Entered a sewer
  4303 | Sewer    | Reached skill level 1 in Fighting
  4303 | Sewer    | Reached skill level 1 in Conjurations
  4303 | Sewer    | Reached XP level 5. HP: 12/29 MP: 5/8
  5283 | Sewer    | HP: 1/29 [river rat (3)]
  5297 | Sewer    | Slain by a kobold

Illustrated notes

Levels and vault maps discovered:
D:1:      minmay_arrival_split_and_join, layout_basic
D:2:      layout_basic, dilly_ecumenical_altar_fadedgnrine, serial_shops,
          shop_fountains
D:3:      layout_basic, serial_shops, nicolae_shop_behind_doors,
          nrook_mini_vaults, hangedman_decor_points, minmay_pentangle
D:4:      layout_rooms, minmay_temple_entry_ruins, gammafunk_ghost_split,
          cheibrodos_sewer_entry_bend, uniq_eustachio
Sewer:    sewer_minmay_treatment

Skill      XL: |  1  2  3  4 |
---------------+-------------+-----
Earth Magic    | 4 |  4.9
Dodging        | 2 |  2.5
Maces & Flails | 1 |  1.6
Fighting       | 1 |  1.1
Conjurations   | 1 |  1.7
Stealth        | |  2.9
Spellcasting   | |  2.6
Transmutations | |  0.7

Action                   |  1- 3 |  4- 6 || total
-------------------------+-------+-------++-------
Melee: Club              |   160 |   127 ||   287
 Cast: Sandblast         |    16 |    54 ||    70
       Passwall          |       |     1 ||     1
  Use: Scroll            |     8 |     5 ||    13
       Potion            |       |     1 ||     1
 Stab: Sleeping          |     5 |     1 ||     6
Armor: Robe              |    62 |    78 ||   140
Dodge: Dodged            |   125 |   127 ||   252

Table legend: (Time is in decaauts)
 A = Elapsed time spent in this place.
 B = Non-inter-level travel time spent in this place.
 C = Inter-level travel time spent in this place.
 D = Time resting spent in this place.
 E = Time spent auto-exploring this place.
 F = Levels seen in this place.
 G = Mean time per level.
                   A        B        C        D        E       F      G
               +--------+--------+--------+--------+--------+-----+--------+
         Total |   5371 |   5154 |    217 |    183 |   3950 |   5 | 1074.2 |
       Dungeon |   4241 |   4024 |    217 |    113 |   3302 |   4 | 1060.2 |
         Sewer |   1129 |   1129 |      0 |     70 |    648 |   1 | 1129.0 |
               +--------+--------+--------+--------+--------+-----+--------+

Top non-repeatable levels by time:
     D:2: 1943 daAuts
     D:1: 1254 daAuts
   Sewer: 1129 daAuts
     D:3: 879 daAuts
     D:4: 163 daAuts
